 Dungeon Crawl Stone Soup version 0.29.1 (webtiles) character file.

Game seed: 16144575524555931599

14494 raistware the Thaumaturge (level 12, -1/70 HPs)
             Began as an Octopode Conjurer on Sept 12, 2022.
             Was a Priest of Vehumet.
             Slain by a killer bee (9 damage)
             ... on level 2 of the Lair of Beasts.
             The game lasted 00:31:51 (15541 turns).

raistware the Thaumaturge (Octopode Conjurer)      Turns: 15541, Time: 00:31:52

Health: -1/70      AC:  1    Str:  7    XL:     12   Next: 17%
Magic:  19/37      EV: 14    Int: 24    God:    Vehumet [***...]
Gold:   593        SH:  0    Dex: 15    Spells: 25/36 levels left

rFire   + + .      SeeInvis .   k - +2 short sword (venom)
rCold   . . .      Faith    .   (no shield)
rNeg    . . .      Spirit   .   (helmet restricted)
rPois   .          Reflect  .   O - amulet of magic regeneration
rElec   +          Harm     .   f - ring of wizardry
rCorr   .          Rampage  .   p - ring of Xodanocu {Drain rElec rF+ MP+9 Dex+4}
Will    .....                   s - ring of protection from fire
Stlth   +++.......              (no ring)
HPRegen 0.21/turn               (no ring)
MPRegen 0.65/turn               (no ring)
                                (no ring)
                                (no ring)

@: lethally poisoned (-1 -> -7)
A: almost no armour, amphibious, 8 rings, camouflage 1, gelatinous body 1,
(nimble swimmer 1), tentacles
a: Renounce Religion


You were on level 2 of the Lair of Beasts.
You worshipped Vehumet.
Vehumet was most pleased with you.
You visited 3 branches of the dungeon, and saw 14 of its levels.
You also visited: Ossuary.

You collected 690 gold pieces.
You spent 97 gold pieces at shops.

Inventory:

Hand Weapons
 k - a +2 short sword of venom (weapon)
Missiles
 c - 28 poisoned darts
 z - 9 javelins
 A - 2 throwing nets
 J - 6 curare-tipped darts
 L - 3 boomerangs of dispersal
Jewellery
 f - a ring of wizardry (left tentacle)
 p - the ring of Xodanocu (right tentacle) {Drain rElec rF+ MP+9 Dex+4}
   (You found it on level 3 of the Dungeon)

   [ring of magical power]

   Dex:       It affects your dexterity (+4).
   rF:        It protects you from fire.
   rElec:     It insulates you from electricity.
   MP:        It affects your magic capacity (+9).
   Drain:     It drains your maximum health when unequipped.
 s - a ring of protection from fire (on tentacle)
 O - an amulet of magic regeneration (around mantle)
Wands
 u - a wand of flame (61)
 x - a wand of light (24)
 y - a wand of roots (7)
 E - a wand of charming (13)
Scrolls
 e - a scroll of summoning {unknown}
 g - 2 scrolls of butterflies
 i - 11 scrolls of teleportation
 j - 2 scrolls of blinking {unknown}
 o - 3 scrolls of amnesia
 q - 3 scrolls of fear
 r - 6 scrolls of immolation {unknown}
 t - 2 scrolls of magic mapping {unknown}
 w - 3 scrolls of enchant weapon
 C - 3 scrolls of poison {unknown}
 F - a scroll of torment {unknown}
 G - a scroll of acquirement {unknown}
 K - 2 scrolls of noise {unknown}
 M - a scroll of vulnerability {unknown}
 N - 2 scrolls of identify
Potions
 a - a potion of magic
 b - 9 potions of curing
 d - 4 potions of flight
 h - 5 potions of brilliance
 l - 3 potions of attraction
 m - 3 potions of mutation
 n - a potion of resistance {unknown}
 v - a potion of haste {unknown}
 B - 3 potions of might {unknown}
 D - 2 potions of berserk rage {unknown}
 H - 2 potions of lignification {unknown}
 I - 2 potions of heal wounds {unknown}


   Skills:
 - Level 2.0 Fighting
 + Level 3.6 Dodging
 - Level 3.0 Stealth
 + Level 12.5 Spellcasting
 + Level 12.1 Conjurations
 + Level 2.8 Translocations
 - Level 6.0 Earth Magic
 - Level 2.0 Evocations


You had 25 spell levels left.
You knew the following spells:

 Your Spells              Type           Power      Damage    Failure   Level
a - Magic Dart            Conj           100%       1d8       1%          1
b - Iskenderun's Mystic   Conj/Tloc      50%        2d11      1%          4
c - Stone Arrow           Conj/Erth      100%       3d13      1%          3
d - Mephitic Cloud        Conj/Pois/Air  34%        N/A       1%          3

Your spell library contained the following spells:

 Spells                   Type           Power      Damage    Failure   Level
 Sandblast                Erth           86%        2d18      1%          1
 Shock                    Conj/Air       100%       1d9       1%          1
 Passwall                 Tmut/Erth      24%        N/A       1%          2
 Searing Ray              Conj           100%       2d8       1%          2
 Dazzling Flash           Conj/Hex       88%        N/A       1%          3
 Inner Flame              Hex/Fire       15%        N/A       1%          3
 Fulminant Prism          Conj/Hex       22%        3d13      1%          4
 Ensorcelled Hibernation  Hex/Ice        30%        N/A       2%          2
 Swiftness                Air            15%        N/A       4%          3
 Airstrike                Air            7%         2d(2-18)  4%          4
 Lehudib's Crystal Spear  Conj/Erth      27%        10d7      50%         8
 Animate Armour           Summ/Erth      Unusable   N/A       N/A         4

Dungeon Overview and Level Annotations

Branches:
Dungeon (11/15)            Temple (1/1) D:5            Lair (2/5) D:9
    Orc (0/2) D:11        Ossuary (visited)
  Swamp: Lair:2-3    Shoals: Lair:2-3     Snake: Lair:2-3    Spider: Lair:2-3

Altars:
Ashenzari
Cheibriados
Dithmenos
Elyvilon
Fedhas
Gozag
Hepliaklqana
Kikubaaqudgha
Makhleb
Nemelex Xobeh
Okawaru
Qazlal
Ru
Sif Muna
Trog
Uskayaw
Vehumet
Wu Jian
Xom
Yredelemnul
Zin
The Shining One

Shops:
D:1 ?   D:5 :   D:9 *

Annotations:
D:7 2 transporters


Innate Abilities, Weirdness & Mutations

You cannot wear most types of armour.
You are amphibious.
You can wear up to eight rings at the same time.
Your skin changes colour to match your surroundings (Stealth+).
Your rubbery body absorbs attacks. (AC +1, EV +1)
((You are camouflaged when in or above water. (Stealth+)))
You have tentacles for arms and can constrict up to eight enemies at once.


Message History

You erupt in a blast of force!
The mystic blast hits the killer bee!
You kill the killer bee!
Vehumet accepts your kill.
The mystic blast hits the killer bee!
You kill the killer bee!
Vehumet accepts your kill.
You feel your power returning.
The mystic blast hits the killer bee.
The killer bee is severely wounded.
The killer bee is knocked back by the mystic blast.
The killer bee collides with the basilisk!
The basilisk is severely wounded.
You kill the killer bee!
Vehumet accepts your kill.
You feel your power returning.
You hear an angry buzzing noise.
The killer bee stings you!
* * * LOW HITPOINT WARNING * * *
You are poisoned.
The killer bee poisons you!
Unknown command.
Casting: Iskenderun's Mystic Blast (safe; 1% risk of failure)
Confirm with . or Enter, or press ? or * to list all spells.
You erupt in a blast of force!
The mystic blast hits the queen bee but does no damage.
The mystic blast hits the killer bee!
The killer bee is severely wounded.
The killer bee is knocked back by the mystic blast.
The killer bee collides with the basilisk!
The basilisk is almost dead.
You kill the killer bee!
Vehumet accepts your kill.
The mystic blast hits the killer bee!
The killer bee is heavily wounded.
The killer bee is knocked back by the mystic blast.
The killer bee collides with the queen bee!
The queen bee is lightly wounded.
The killer bee is severely wounded.
* * * LOW HITPOINT WARNING * * *
You feel sick. The killer bee closely misses you. The killer bee stings you!
You die...

#..........+..######....##
...+..............##....P#
#........#.......'.....#
#.......#.###.###....##
#.......### #.##.#.+.#
##+..#### ######..##
#....# ##.# ####.## ..
#†@# .P# #y+# .##


Fyy. [!?lF. ..†..!... .#†.!.†.. #...†!..# ##.... You could see 2 cane toads, a
queen bee, a basilisk and 2 killer bees.

Vanquished Creatures
  Snorg (D:11)
  Harold (Lair:2)
  4 two-headed ogres
  A cyclops (D:11)
  Maurice (D:11)
  2 black mambas (Lair:1)
  A cane toad (Lair:1)
  2 unseen horrors (D:11)
  A troll (D:10)
  Sigmund (D:4)
  2 wraiths (Ossuary)
  2 yaks (D:11)
  3 wyverns (D:9)
  2 vampire mosquitoes (D:10)
  8 water moccasins
  4 orc warriors
  An ice beast (D:7)
  A black bear (D:6)
  A sky beast (D:7)
  An ogre (D:7)
  3 wolves (Lair:2)
  3 centaurs
  4 kobold brigands
  4 bullfrogs
  2 scorpions
  A gnoll sergeant (D:9)
  A necrophage (D:5)
  16 wights
  A jelly (D:7)
  38 killer bees
  4 electric eels (Lair:1)
  5 howler monkeys
  4 hounds
  6 orc priests
  Jessica (D:3)
  Ijyb (D:4)
  Terence (D:3)
  2 iguanas
  15 orc wizards
  Robin (D:2)
  16 gnolls
  11 adders
  A shadow imp (D:8)
  A white imp (D:6)
  An ufetubus (D:7)
  5 adder zombies (Ossuary)
  4 worms
  3 dart slugs
  37 orcs
  11 endoplasms
  2 giant cockroaches (D:2)
  12 goblins
  12 hobgoblins
  7 jackals
  16 kobolds
  4 quokkas
  8 ball pythons
  9 bats
  2 frilled lizards
  A kobold zombie (Ossuary)
  An orc skeleton (Ossuary)
  2 orc zombies (Ossuary)
  15 rats
334 creatures vanquished.

Vanquished Creatures (others)
  A yak (D:11)
  5 fungi
  11 plants
17 creatures vanquished.

Grand Total: 351 creatures vanquished

Notes
Turn   | Place    | Note
-------+----------+-------------------------------------------
     0 | D:1      | raistware the Octopode Conjurer began the quest for the
                  | Orb.
     0 | D:1      | Reached XP level 1. HP: 11/11 MP: 3/3
   129 | D:1      | You fall into a shaft and drop 1 floor!
   173 | D:2      | Found a faded altar of an unknown god.
   188 | D:2      | Reached XP level 2. HP: 17/17 MP: 1/5
   488 | D:1      | Reached XP level 3. HP: 21/21 MP: 1/7
   823 | D:1      | Learned a level 3 spell: Stone Arrow
  1196 | D:1      | Got the Spellbook of Hexes
  1357 | D:1      | Found Jeoxt's Magic Scroll Shop.
  1365 | D:1      | Bought a scroll of identify for 28 gold pieces
  1528 | D:2      | Noticed Robin
  1534 | D:2      | Killed Robin
  1535 | D:2      | Reached skill level 1 in Earth Magic
  1535 | D:2      | Reached XP level 4. HP: 18/27 MP: 9/9
  1937 | D:2      | Learned a level 4 spell: Iskenderun's Mystic Blast
  2067 | D:2      | Found a hazy altar of Hepliaklqana.
  2659 | D:2      | Reached XP level 5. HP: 31/31 MP: 6/10
  2949 | D:3      | Identified the ring of Xodanocu {Drain rElec rF+ MP+9
                  | Dex+4}
  3025 | D:3      | Reached skill level 1 in Translocations
  3085 | D:3      | Noticed Terence
  3094 | D:3      | Killed Terence
  3260 | D:3      | Noticed Jessica
  3271 | D:3      | Killed Jessica
  3640 | D:3      | Found a snail-covered altar of Cheibriados.
  3693 | D:3      | Reached XP level 6. HP: 36/36 MP: 12/12
  4209 | D:3      | Found a shimmering blue altar of Sif Muna.
  4706 | D:4      | Reached skill level 5 in Conjurations
  4810 | D:4      | Noticed Ijyb
  4826 | D:4      | Killed Ijyb
  4827 | D:4      | Reached XP level 7. HP: 15/41 MP: 7/13
  4827 | D:4      | Noticed Sigmund
  5476 | D:4      | Killed Sigmund
  5596 | D:4      | Reached skill level 5 in Spellcasting
  5658 | D:5      | Entered Level 5 of the Dungeon
  5690 | D:5      | Found Lonawu's Book Boutique.
  5834 | D:5      | Found a sand-covered staircase.
  5843 | Ossuary  | Entered an ossuary
  6313 | Ossuary  | Noticed a wraith
  6313 | Ossuary  | Noticed a flying skull
  6319 | Ossuary  | Noticed a flying skull
  6324 | Ossuary  | Noticed a wraith
  6328 | Ossuary  | Killed a wraith
  6329 | Ossuary  | Reached XP level 8. HP: 45/46 MP: 12/16
  6404 | Ossuary  | Noticed a flying skull
  6407 | Ossuary  | Noticed a flying skull
  6447 | Ossuary  | Noticed a flying skull
  6453 | Ossuary  | Noticed a wraith
  6461 | Ossuary  | Killed a wraith
  6763 | D:5      | Found a shimmering altar of Xom.
  6884 | D:5      | Found a staircase to the Ecumenical Temple.
  6896 | Temple   | Entered the Ecumenical Temple
  7229 | D:5      | Found a stormy altar of Qazlal.
  7816 | D:6      | Reached XP level 9. HP: 51/51 MP: 19/19
  8108 | D:6      | Reached skill level 1 in Evocations
  8561 | D:6      | Found a hazy altar of Hepliaklqana.
  9873 | D:7      | Found a broken altar of Ashenzari.
  9973 | D:7      | Reached XP level 10. HP: 44/56 MP: 23/23
 10082 | D:7      | Found a radiant altar of Vehumet.
 10091 | D:7      | Became a worshipper of Vehumet
 10150 | D:7      | Found a transporter.
 10251 | D:7      | Found a sacrificial altar of Ru.
 10251 | D:7      | Noticed a manticore
 10253 | D:7      | Noticed a two-headed ogre
 10304 | D:7      | Found a transporter.
 10380 | D:7      | Reached skill level 1 in Fighting
 10637 | D:8      | Noticed a two-headed ogre
 10735 | D:8      | Killed a two-headed ogre
 10736 | D:8      | Reached skill level 10 in Conjurations
 10736 | D:8      | Reached skill level 5 in Earth Magic
 10800 | D:8      | Noticed a two-headed ogre
 10808 | D:8      | Killed a two-headed ogre
 10808 | D:8      | Reached * piety under Vehumet
 10808 | D:8      | Offered knowledge of Shock by Vehumet.
 11540 | D:9      | Reached skill level 10 in Spellcasting
 11988 | D:9      | Found a bloodstained altar of Trog.
 12100 | D:9      | Reached ** piety under Vehumet
 12114 | D:9      | Found Amoll's CLEARANCE SALE!.
 12118 | D:9      | Offered knowledge of Foxfire by Vehumet.
 12135 | D:9      | Bought a scroll of fear for 24 gold pieces
 12135 | D:9      | Bought a scroll of enchant weapon for 45 gold pieces
 12141 | D:9      | Reached XP level 11. HP: 64/64 MP: 22/25
 12300 | D:9      | Found a staircase to the Lair.
 12514 | D:10     | Entered Level 10 of the Dungeon
 12663 | D:10     | Noticed a two-headed ogre
 13021 | D:10     | Killed a two-headed ogre
 13021 | D:10     | Noticed a two-headed ogre
 13038 | D:10     | Killed a two-headed ogre
 13311 | D:11     | Found a staircase to the Orcish Mines.
 13343 | D:11     | Noticed Snorg
 13355 | D:11     | Killed Snorg
 13806 | D:11     | Noticed Maurice
 13819 | D:11     | Killed Maurice
 14147 | D:11     | Noticed a cyclops
 14151 | D:11     | Killed a cyclops
 14151 | D:11     | Offered knowledge of Mephitic Cloud by Vehumet.
 14156 | D:11     | Learned a level 3 spell: Mephitic Cloud
 14352 | D:11     | Noticed a skeletal warrior
 14486 | Lair:1   | Entered Level 1 of the Lair of Beasts
 15271 | Lair:2   | Reached XP level 12. HP: 54/70 MP: 28/28
 15273 | Lair:2   | Reached *** piety under Vehumet
 15431 | Lair:2   | Noticed Harold
 15444 | Lair:2   | Killed Harold
 15541 | Lair:2   | Slain by a killer bee

Illustrated notes

Levels and vault maps discovered:
D:1:      minmay_arrival_four_houses, layout_loops_ring, serial_shops,
          nicolae_shop_crystal, minmay_rat_gold_closets
D:2:      layout_basic, chequers_ecumenical_altar_simple_redux, basic_altar,
          hex_intersection, hex_large, minmay_fractal_squares_gapless_5,
          uniq_robin
D:3:      layout_basic, lemuel_coloured_pillars_altar, lemuel_doored_altar,
          st_stairs_2, uniq_terence, uniq_jessica
D:4:      layout_loops_ring, roderic_batcave, moated_statue, uniq_ijyb,
          uniq_sigmund
D:5:      layout_gridville, nicolae_qazlal_eye_of_the_storm, xom_teletrap_fun,
          minmay_temple_entry_statues_pillars, serial_shops,
          nicolae_shop_behind_doors, lightli_ossuary_entry_decrepit_ruins,
          serial_bayou_pond_d, minmay_misc_feat_secret_circle
D:6:      layout_basic, overflow_temple_1_default
D:7:      layout_gridville, nicolae_vehumet_radiance,
          gammafunk_temple_overflow_arena, evilmike_ruin_ashenzari
D:8:      layout_cave_pools, kennysheep_generic_room_13
D:9:      layout_rooms, nicolae_overflow_crystal_walls, lair_entry_dummy,
          nicolae_shop_clearance
D:10:     layout_big_octagon
D:11:     layout_roguey, orc_0_dummy, minmay_misc_feat_five,
          minmay_diamond_spiral, uniq_maurice, uniq_snorg, uniq_nergalle
Temple:   nicolae_temple_bog_church
Lair:1:   layout_chaotic_city, serial_bayou, serial_bayou_pond_a,
          serial_bayou_crossing, serial_bayou_lagoon_a, serial_bayou_lagoon_b,
          minivault_26
Lair:2:   layout_roguey [special_room_bee], minmay_shoals_entry_lonely_mermaid,
          guppyfry_snake_entry_island, uniq_amaemon, uniq_harold

Skill      XL: |  1  2  3  4  5  6  7  8  9 10 11 |
---------------+----------------------------------+-----
Spellcasting   | 3 4 5 7 9 10 12 | 12.5
Earth Magic    | 1 2 3 4 6 |  6.0
Translocations | 1 2 |  2.8
Stealth        | 3 |  3.0
Conjurations   | 5 6 7 9 10 12 | 12.1
Evocations     | 1 2 |  2.0
Fighting       | 1 2 |  2.0
Dodging        | 3 |  3.6

Action                   |  1- 3 |  4- 6 |  7- 9 | 10-12 || total
-------------------------+-------+-------+-------+-------++-------
Melee: Unarmed           |     8 |       |       |       ||     8
       Constrict         |     8 |    10 |     6 |     5 ||    29
       Short sword       |    24 |    53 |    23 |    23 ||   123
       Tentacles         |     6 |    11 |     5 |     9 ||    31
       Punch             |       |       |     1 |       ||     1
 Cast: Magic Dart        |    49 |    96 |   107 |    44 ||   296
       Iskenderun's Myst |       |     2 |    11 |    60 ||    73
       Stone Arrow       |       |    14 |    86 |   121 ||   221
Evoke: Wand              |       |       |       |     3 ||     3
  Use: Scroll            |     1 |     2 |     5 |     1 ||     9
       Potion            |       |     1 |     1 |     2 ||     4
 Stab: Sleeping          |     5 |     5 |     1 |       ||    11
Armor: Skin              |     3 |     5 |     2 |     2 ||    12
Dodge: Dodged            |    19 |    39 |    24 |    66 ||   148
